 Dungeon Crawl Stone Soup version 0.31-a0-844-gdc52ec4e09 (webtiles) character file.

Game seed: 16896553233180825260

184 Dittersdorf the Shield-Bearer (level 5, 0/34 HPs)
             Began as a Gargoyle Fighter on Sept 28, 2023.
             Slain by Sigmund
             ... wielding a +2 scythe of protection
              (3 damage)
             ... on level 3 of the Dungeon.
             The game lasted 00:03:46 (1536 turns).

Dittersdorf the Shield-Bearer (Gargoyle Fighter)    Turns: 1536, Time: 00:03:46

Health: 0/34       AC: 11    Str: 21    XL:     5   Next: 63%
Magic:  5/5        EV:  9    Int:  9    God:
Gold:   178        SH:  4    Dex:  9    Spells: 4/4 levels left

rFire   . . .        o - +1 flail (holy)
rCold   . . .        c - +0 buckler
rNeg    + . .        b - +0 scale mail
rPois   ∞            (no helmet)
rElec   +            (no cloak)
rCorr   .            (no gloves)
SInv    .            (no boots)
Will    +....        (no amulet) Stlth
                     p - ring of willpower
HPRegen 0.25/turn    (no ring)
MPRegen 0.09/turn

%: no passive effects
@: no status effects
A: sickness immunity, AC +4, negative energy resistance 1, electricity
resistance, torment resistance 1, petrification resistance
a: no special abilities


You were on level 3 of the Dungeon.
You visited 1 branch of the dungeon, and saw 4 of its levels.

You collected 178 gold pieces.

Inventory:

Hand Weapons
 a - a +0 flail
 o - a +1 flail of holy wrath (weapon)
Missiles
 f - 7 poisoned darts (quivered)
Armour
 b - a +0 scale mail (worn)
 c - a +0 buckler (worn)
Jewellery
 p - a ring of willpower (left hand)
Scrolls
 e - 2 scrolls of identify {unknown}
 h - a scroll of fear {unknown}
 i - a scroll of immolation {unknown}
 m - a scroll of blinking {unknown}
 n - a scroll of butterflies {unknown}
Potions
 d - a potion of might
 g - a potion of invisibility {unknown}
 j - a potion of mutation {unknown}
 k - a potion of enlightenment {unknown}
 l - a potion of lignification {unknown}


   Skills:
 + Level 4.3 Fighting
 + Level 3.2 Maces & Flails
 + Level 4.3 Armour
 + Level 4.4 Shields


You had 4 spell levels left.
You didn't know any spells.
Your spell library contained the following spells:

 Spells                   Type           Power      Damage    Failure   Level
 Ensorcelled Hibernation  Hex/Ice        0%         N/A       89%         2
 Jinxbite                 Hex            0%         N/A       89%         2
 Anguish                  Hex/Necr       0%         N/A       100%        4


Dungeon Overview and Level Annotations

Branches:
Dungeon (4/15)
 Temple: D:4-7

Altars:
Fedhas
Qazlal
Vehumet

Shops:
D:2 [:([?

Annotations:
D:3 Sigmund


Innate Abilities, Weirdness & Mutations

You are immune to sickness and miasma.
Your stone body is resilient. (AC +4)
You are immune to poison.
You resist negative energy. (rN+)
You are resistant to electric shocks. (rElec)
You are resistant to unholy torment.
You are immune to petrification.


Message History

You are too injured to fight recklessly!
You are too injured to fight recklessly!
You are too injured to fight recklessly!
You are too injured to fight recklessly!
You are too injured to fight recklessly!
You are too injured to fight recklessly!
You are too injured to fight recklessly!
You are too injured to fight recklessly!
You are too injured to fight recklessly!
You are too injured to fight recklessly!
You are too injured to fight recklessly!
You are too injured to fight recklessly!
You are too injured to fight recklessly!
You are too injured to fight recklessly!
You are too injured to fight recklessly!
You are too injured to fight recklessly!
You are too injured to fight recklessly!
You are too injured to fight recklessly!
The rat attacks as it pursues you! The rat barely misses you.
Something hits you! The rat attacks as it pursues you!
The rat barely misses you.
The hobgoblin attacks as it pursues you!
The hobgoblin hits you but does no damage.
The rat attacks as it pursues you! The rat bites you but does no damage.
You thump the rat!
You kill the rat!
The hobgoblin hits you but does no damage.
Something hits you.
* * * LOW HITPOINT WARNING * * *
You hit the goblin.
You kill the goblin!
You block the hobgoblin's attack.
You thump the hobgoblin!
You kill the hobgoblin!
Something hits you but does no damage. Something hits you.
* * * LOW HITPOINT WARNING * * *
You closely miss something. Something hits you but does no damage.
You miss something. Something hits you.
You die...

###8### ....#
#######.(..#
##..#......#
#..#......#
##.#......#
#........#
###.#+#####
#...†..#
###@..#......
#..)..#.##...
#...### . ..
#...# #.
#...# ..
##### ..


There were no monsters in sight!

Vanquished Creatures
  A bullfrog zombie (D:4)
  3 hound zombies (D:4)
  A gnoll (D:1)
  4 adders
  An adder skeleton (D:4)
  2 adder zombies (D:4)
  2 dart slugs
  2 orcs (D:4)
  6 ball pythons
  4 endoplasms
  A giant cockroach (D:2)
  6 goblins
  7 hobgoblins
  2 bats
  5 frilled lizards
  4 kobolds
  4 rats
55 creatures vanquished.

Notes
Turn   | Place    | Note
-------+----------+-------------------------------------------
     0 | D:1      | Dittersdorf the Gargoyle Fighter began the quest for the
                  | Orb.
     0 | D:1      | Reached XP level 1. HP: 14/14 MP: 1/1
   160 | D:1      | Reached XP level 2. HP: 19/19 MP: 2/2
   387 | D:1      | Reached XP level 3. HP: 11/23 MP: 3/3
   739 | D:2      | Found Hirhiutz's Book Emporium.
   758 | D:2      | Reached XP level 4. HP: 29/29 MP: 4/4
   846 | D:2      | Found Dopnum's Weapon Boutique.
   893 | D:2      | Found Ceakank's Antique Armour Boutique.
   969 | D:2      | Found a blossoming altar of Fedhas.
   984 | D:2      | Identified the +7 spear of the Desert {flame, rPois Str+2}
  1072 | D:2      | Found Fuom's Antique Armour Shop.
  1075 | D:2      | Found Voicof's Magic Scroll Shop.
  1301 | D:2      | You fall into a shaft and drop 2 floors!
  1409 | D:4      | Reached XP level 5. HP: 32/33 MP: 5/5
  1433 | D:3      | Found a radiant altar of Vehumet.
  1433 | D:3      | Found a stormy altar of Qazlal.
  1519 | D:3      | Noticed Sigmund
  1536 | D:3      | Slain by Sigmund

Illustrated notes

Levels and vault maps discovered:
D:1:      dpeg_arrival_castle, layout_loops_cross
D:2:      layout_loops_ring, basic_altar, serial_shops,
          nicolae_shop_gibbet_a_chance, nicolae_shop_window_shopping, shop,
          shop, nicolae_shop_bloodbath_and_beyond
D:3:      layout_basic, nicolae_overflow_hidden_temple, serial_shops, shop,
          shapermc_ecumenical_altar_pompeii, uniq_sigmund, uniq_natasha,
          uniq_jessica
D:4:      layout_basic, bloody_trog, grunt_dithmenos_smoke, serial_undead,
          serial_undead_b, serial_undead_e, serial_undead_c, serial_undead_c,
          serial_undead_d, serial_shops, nicolae_shop_stone, abandoned_shop

Skill      XL: |  1  2  3  4 |
---------------+-------------+-----
Fighting       | 4 |  4.3
Armour         | 4 |  4.3
Shields        | 4 |  4.4
Maces & Flails | 3 |  3.2

Action                     |  1- 3 |  4- 6 || total
---------------------------+-------+-------++-------
  Melee: Flail             |   117 |    92 ||   209
 Armour: Scale mail        |    86 |    80 ||   166
  Dodge: Dodged            |    68 |    54 ||   122
  Block: Buckler           |    30 |    27 ||    57

Table legend: (Time is in decaauts)
 A = Elapsed time spent in this place.
 B = Non-inter-level travel time spent in this place.
 C = Inter-level travel time spent in this place.
 D = Time resting spent in this place.
 E = Time spent auto-exploring this place.
 F = Levels seen in this place.
 G = Mean time per level.
                   A        B        C        D        E       F      G
               +--------+--------+--------+--------+--------+-----+--------+
         Total |   1599 |   1537 |     62 |     12 |    955 |   4 |  399.8 |
       Dungeon |   1599 |   1537 |     62 |     12 |    955 |   4 |  399.8 |
               +--------+--------+--------+--------+--------+-----+--------+

Top non-repeatable levels by time:
     D:1: 817 daAuts
     D:2: 530 daAuts
     D:4: 210 daAuts
     D:3: 41 daAuts
